 Dungeon Crawl Stone Soup version 0.27-a0-396-g03f4e8edb7 (webtiles) character file.

Game seed: 14003705933964561016

83 Nattfarinn the Chiller (level 4, -5/30 HPs)
             Began as a Merfolk Ice Elementalist on Feb 21, 2021.
             Killed from afar by Sigmund (9 damage)
             ... with a magic dart
             ... on level 2 of the Dungeon.
             The game lasted 00:04:48 (1925 turns).

Nattfarinn the Chiller (Merfolk Ice Elementalist)   Turns: 1925, Time: 00:04:48

Health: -5/30      AC:  6    Str:  8    XL:     4   Next: 44%
Magic:  4/8        EV: 13    Int: 15    God:
Gold:   29         SH:  0    Dex: 14    Spells: 4/8 levels left

rFire    . . .     SeeInvis .   g - +0 spear
rCold    . . .     Faith    .   (no shield)
rNeg     . . .     Spirit   .   a - +0 robe
rPois    .         Reflect  .   (no helmet)
rElec    .         Harm     .   c - +0 cloak
rCorr    .         Rampage  .   j - +2 pair of gloves
Will     .....                  (no boots)
Stlth    ++........             (no amulet)
HPRegen  0.10/turn              (no ring)
MPRegen  0.11/turn              (no ring)

@: about to teleport
A: change form in water, swift swim, stealthy swim
a: no special abilities


You were on level 2 of the Dungeon.
You visited 1 branch of the dungeon, and saw 3 of its levels.

You collected 29 gold pieces.

Inventory:

Hand Weapons
 b - a +0 dagger
 g - a +0 spear (weapon)
Armour
 a - a +0 robe (worn)
 c - a +0 cloak (worn)
 i - a +0 pair of gloves
 j - a +2 pair of gloves (worn)
Scrolls
 e - 6 scrolls of identify {unknown}
 f - a scroll of amnesia
 k - a scroll of immolation {unknown}


   Skills:
 - Level 2.6 Dodging
 - Level 2.1 Stealth
 + Level 2.8 Spellcasting
 * Level 5.8 Ice Magic


You had 4 spell levels left.
You knew the following spells:

 Your Spells              Type           Power        Failure   Level
a - Freeze                Ice            76%          1%          1
b - Frozen Ramparts       Ice            38%          5%          3

Your spell library contained the following spells:

 Spells                   Type           Power        Failure   Level
 Ozocubu's Armour         Ice            19%          5%          3
 Hailstorm                Conj/Ice       10%          52%         4
 Summon Ice Beast         Ice/Summ       10%          52%         4


Dungeon Overview and Level Annotations

Branches:
Dungeon (3/15)

Altars:

Annotations:
D:2 Sigmund


Message History

You reach to attack!
You barely miss Sigmund.
Sigmund is moderately wounded.
The wall freezes Sigmund.
Sigmund casts a spell at you. The puff of flame hits you.
The wall freezes Sigmund.
Sigmund drinks a potion.
Sigmund is healed!
You reach to attack!
You barely miss Sigmund.
The wall freezes Sigmund.
Sigmund barely misses you.
You reach to attack!
You hit Sigmund.
Sigmund is moderately wounded.
You reach to attack!
You hit Sigmund.
Sigmund is moderately wounded.
The wall freezes Sigmund.
Sigmund closely misses you.
You reach to attack!
You closely miss Sigmund.
Sigmund is heavily wounded.
The wall freezes Sigmund.
Sigmund hits you from afar with a +0 scythe.
You reach to attack!
You hit Sigmund but do no damage.
Sigmund is heavily wounded.
The wall freezes Sigmund.
Sigmund hits you from afar with a +0 scythe!
Ouch! That really hurt!
* * * LOW HITPOINT WARNING * * *
You aren't carrying any potions.
As you read the scroll labelled AXIATS KUINGEX, it crumbles to dust.
It is a scroll of amnesia.
Really abort (and waste the scroll)?
Okay, then.
As you read the scroll labelled HACWIR PE KEXO, it crumbles to dust.
You feel aware of your surroundings.
It was a scroll of magic mapping.
The frozen ramparts melt away.
Sigmund hits you from afar with a +0 scythe.
* * * LOW HITPOINT WARNING * * *
As you read the scroll labelled XEAZEDOCOM, it crumbles to dust.
You feel strangely unstable.
It was a scroll of teleportation.
Sigmund casts a spell at you. The magic dart hits you!
You die...

#.........>.........#
#...................#
#..........########## ****
#..........# ******* ,,,*
#..........# *,,,,,* ,,,*
#######....# *,***,* ,,,* ******
#.#### *,* *,, ,,,* *,,,,*
#.##########***,***** ,,,***,**,*
#.?.@.@....#*,,,,,,,,
,,,,,,,**,**##########.#*,,,*****
**,******,*,,,********,,,,,,* *
*,* ****,*,*,**,,,,,,,*,,,,* *
*,* *,,,,*,*<,*,*,,,,,,,,,,* *
*,***,****,*,,,,*,***,******
*,**,,,,,,,**,,,,,,,,,*
*,**,,,,,,,,,,,,,,*****
*,**,,,,***********


You could see Sigmund.

Vanquished Creatures
  3 gnolls (D:2)
  An adder (D:2)
  A worm (D:3)
  6 goblins
  4 hobgoblins (D:1)
  2 jackals (D:1)
  A ball python (D:1)
  10 bats
  A frilled lizard (D:2)
  7 kobolds
  7 rats
43 creatures vanquished.

Notes
Turn   | Place    | Note
-------+----------+-------------------------------------------
     0 | D:1      | Nattfarinn the Merfolk Ice Elementalist began the quest for
                  | the Orb.
     0 | D:1      | Reached XP level 1. HP: 13/13 MP: 3/3
   238 | D:1      | Reached XP level 2. HP: 19/19 MP: 3/5
   604 | D:1      | Reached skill level 5 in Ice Magic
   743 | D:1      | Reached XP level 3. HP: 24/24 MP: 3/6
  1246 | D:1      | Learned a level 3 spell: Frozen Ramparts
  1317 | D:2      | Reached XP level 4. HP: 17/30 MP: 1/8
  1726 | D:2      | You fall into a shaft and drop 1 floor!
  1905 | D:2      | Noticed Sigmund
  1925 | D:2      | Killed from afar by Sigmund

Illustrated notes

Levels and vault maps discovered:
D:1:      elethiomel_arrival_diamonds, layout_loops_ring,
          chequers_serial_rivers_micro_b
D:2:      layout_basic, uniq_terence, uniq_sigmund
D:3:      layout_rooms, kennysheep_boxes, uniq_grinder

Skill      XL: |  1  2 |
---------------+-------+-----
Ice Magic      | 5 |  5.8
Dodging        | |  2.6
Stealth        | |  2.1
Spellcasting   | |  2.8

Action                   |  1- 3 |  4- 6 || total
-------------------------+-------+-------++-------
Melee: Unarmed           |     7 |       ||     7
       Dagger            |     3 |       ||     3
       Spear             |     6 |    21 ||    27
 Cast: Freeze            |    33 |    10 ||    43
       Frozen Ramparts   |     1 |     3 ||     4
  Use: Scroll            |       |     3 ||     3
 Stab: Sleeping          |     2 |       ||     2
Armor: Robe              |    10 |    13 ||    23
Dodge: Dodged            |    26 |    21 ||    47

Table legend: (Time is in decaauts)
 A = Elapsed time spent in this place.
 B = Non-inter-level travel time spent in this place.
 C = Inter-level travel time spent in this place.
 D = Time resting spent in this place.
 E = Time spent auto-exploring this place.
 F = Levels seen in this place.
 G = Mean time per level.
                   A        B        C        D        E       F      G
               +--------+--------+--------+--------+--------+-----+--------+
         Total |   1925 |   1821 |    104 |    295 |   1235 |   3 |  641.7 |
       Dungeon |   1925 |   1821 |    104 |    295 |   1235 |   3 |  641.7 |
               +--------+--------+--------+--------+--------+-----+--------+

Top non-repeatable levels by time:
     D:1: 1302 daAuts
     D:2: 562 daAuts
     D:3: 60 daAuts
